General information
- name: BNet
- type: Ladder team game (AT/RT)
- host: Battle.net
- saver: MauveAvenger
map: MarketSquare
- players: 8
- length: 43:48
- speed: Fast
- version: 1.26 W3XP
- replay type: Public
» download(260 KB)
Players
team 1 (winner)
binboy (
teal | 36 APM | 1578 actions | 43:46)
9 Blademaster
3 Wind Walk
3 Critical Strike
1 Bladestorm
2 Mirror Image
» actions
| Assign group hotkey | 5 | |
| Basic commands | 2 | |
| Build / train | 60 | |
| Enter build submenu | 12 | |
| Enter hero's abilities submenu | 10 | |
| Give item / drop item | 6 | |
| Right click | 1028 | |
| Select / deselect | 296 | |
| Select group hotkey | 23 | |
| Use ability | 136 | |
1578 total
» units
» buildings
| Orc Burrow | 5 | |
| Altar of Storms | 1 | |
| Voodoo Lounge | 1 | |
| Stronghold | 4 | |
| Beastiary | 3 | |
| Great Hall | 1 | |
15 total
» build order
00:06 Orc Burrow
00:08 Altar of Storms
01:14 Voodoo Lounge
07:10 Stronghold
07:11 Stronghold
15:55 Beastiary
15:55 Beastiary
15:56 Beastiary
19:10 Orc Burrow
19:11 Orc Burrow
21:19 Orc Burrow
21:47 Orc Burrow
24:19 Great Hall
» items
| Healing Salve | 4 | |
| Lesser Clarity Potion | 5 | |
| Potion of Healing | 11 | |
| Potion of Mana | 3 | |
| Boots of Speed | 1 | |
| Circlet of Nobility | 1 | |
| Orb of Corruption | 1 | |
| Scroll of Town Portal | 2 | |
| Staff of Teleportation | 1 | |
29 total

»
andrewjackson (
purple | 41 APM | 1782 actions | 43:46)
8 Keeper of the Grove
3 Force of Nature
3 Entangling Roots
1 Thorns Aura
1 Tranquility
7 Priestess of the Moon
3 Trueshot Aura
2 Searing Arrows
1 Starfall
1 Scout
7 Demon Hunter
3 Evasion
3 Immolation
1 Metamorphosis
» actions
| Assign group hotkey | 4 | |
| Basic commands | 9 | |
| Build / train | 110 | |
| Enter build submenu | 18 | |
| Enter hero's abilities submenu | 22 | |
| Give item / drop item | 5 | |
| Right click | 1012 | |
| Select / deselect | 452 | |
| Use ability | 150 | |
1782 total
» units
| Wisp | 21 | |
| Chimaera | 20 | |
| Druid of the Talon | 3 | |
| Forest Troll High Priest | 1 | |
| Kobold Geomancer | 1 | |
| Hippogryph | 6 | |
52 total
» upgrades
| Strength of the Wild | 3 | |
| Reinforced Hides | 3 | |
| Well Spring | 1 | |
| Druid of the Talon Training | 2 | |
| Nature's Blessing | 1 | |
| Corrosive Breath | 1 | |
11 total
» buildings
| Moon Well | 8 | |
| Hunter's Hall | 1 | |
| Tree of Ages | 1 | |
| Altar of Elders | 1 | |
| Ancient of Wonders | 1 | |
| Tree of Eternity | 1 | |
| Ancient of Wind | 1 | |
| Chimaera Roost | 3 | |
| Tree of Life | 2 | |
19 total
» build order
00:23 Moon Well
00:38 Hunter's Hall
01:57 Tree of Ages
02:07 Altar of Elders
02:27 Moon Well
02:51 Ancient of Wonders
04:01 Moon Well
04:20 Tree of Eternity
04:37 Ancient of Wind
04:45 Moon Well
05:54 Moon Well
06:52 Chimaera Roost
06:58 Chimaera Roost
07:04 Chimaera Roost
07:43 Moon Well
08:51 Moon Well
10:38 Tree of Life
22:04 Moon Well
26:09 Tree of Life
» items
| Scroll of Town Portal | 7 | |
| Orb of Venom | 3 | |
| Moonstone | 3 | |
| Potion of Healing | 2 | |
| Orb of Corruption | 1 | |
| Boots of Speed | 1 | |
| Scroll of Healing | 1 | |
| Rod of Necromancy | 1 | |
19 total
1_eye_jack (
orange | 22 APM | 946 actions | 43:46)
3 Mountain King
2 Storm Bolt
1 Bash
» actions
| Basic commands | 1 | |
| Build / train | 69 | |
| Enter build submenu | 18 | |
| Enter hero's abilities submenu | 3 | |
| Give item / drop item | 2 | |
| Remove unit from queue | 1 | |
| Right click | 502 | |
| Select / deselect | 273 | |
| Use ability | 77 | |
946 total
» units
| Peasant | 32 | |
| Sorceress | 6 | |
| Mortar Team | 7 | |
| Siege Engine | 1 | |
46 total
» upgrades
| Lumber Harvesting | 2 | |
| Gunpowder | 2 | |
| Sorceress Training | 3 | |
| Flare | 1 | |
| Armor | 2 | |
10 total
» buildings
| Altar of Kings | 1 | |
| Farm | 10 | |
| Keep | 1 | |
| Lumber Mill | 1 | |
| Blacksmith | 1 | |
| Arcane Sanctum | 3 | |
| Workshop | 2 | |
| Castle | 1 | |
| Town Hall | 1 | |
| Arcane Vault | 1 | |
22 total
» build order
00:40 Altar of Kings
01:11 Farm
02:01 Keep
02:30 Lumber Mill
03:05 Farm
03:26 Blacksmith
03:40 Farm
04:25 Arcane Sanctum
04:31 Arcane Sanctum
04:41 Workshop
04:44 Arcane Sanctum
04:49 Workshop
05:40 Farm
06:38 Farm
06:38 Farm
06:39 Farm
06:40 Farm
08:30 Farm
08:33 Farm
10:55 Castle
11:39 Town Hall
15:26 Arcane Vault
» items
| Scroll of Town Portal | 2 | |
| Scroll of Protection | 1 | |
3 total
ReisHK (
red | 57 APM | 2504 actions | 43:46)
8 Lich
3 Frost Nova
3 Dark Ritual
1 Death and Decay
1 Frost Armor
» actions
| Assign group hotkey | 33 | |
| Basic commands | 1 | |
| Build / train | 140 | |
| ESC pressed | 2 | |
| Enter build submenu | 17 | |
| Enter hero's abilities submenu | 9 | |
| Give item / drop item | 6 | |
| Remove unit from queue | 7 | |
| Right click | 1219 | |
| Select / deselect | 276 | |
| Select group hotkey | 661 | |
| Use ability | 133 | |
2504 total
» units
| Acolyte | 35 | |
| Ghoul | 10 | |
| Frost Wyrm | 4 | |
| Crypt Fiend | 21 | |
70 total
» upgrades
| Cannibalize | 1 | |
| Freezing Breath | 1 | |
| Unholy Strength | 1 | |
| Creature Attack | 3 | |
| Web | 1 | |
| Burrow | 1 | |
8 total
» buildings
| Ziggurat | 8 | |
| Crypt | 2 | |
| Tomb of Relics | 1 | |
| Halls of the Dead | 5 | |
| Altar of Darkness | 1 | |
| Black Citadel | 2 | |
| Graveyard | 1 | |
| Sacrificial Pit | 1 | |
| Necropolis | 1 | |
| Boneyard | 2 | |
| Nerubian Tower | 5 | |
| Spirit Tower | 6 | |
35 total
» build order
00:18 Ziggurat
00:38 Crypt
00:39 Crypt
01:28 Ziggurat
01:32 Tomb of Relics
01:35 Ziggurat
03:20 Halls of the Dead
03:21 Halls of the Dead
03:21 Halls of the Dead
03:21 Halls of the Dead
04:06 Altar of Darkness
04:13 Ziggurat
05:43 Black Citadel
06:02 Graveyard
06:10 Sacrificial Pit
06:23 Ziggurat
07:55 Necropolis
08:07 Boneyard
08:15 Boneyard
15:12 Nerubian Tower
15:13 Nerubian Tower
15:13 Nerubian Tower
15:30 Spirit Tower
15:31 Spirit Tower
15:31 Spirit Tower
16:55 Ziggurat
16:56 Ziggurat
16:56 Ziggurat
» items
| Rod of Necromancy | 2 | |
| Orb of Corruption | 1 | |
| Scroll of Town Portal | 7 | |
| Potion of Healing | 2 | |
| Staff of Teleportation | 1 | |
| Scroll of Healing | 1 | |
14 total
team 2 (loser)
comon.man (
pink | 86 APM | 3163 actions | 36:52)
6 Death Knight
3 Death Coil
2 Unholy Aura
1 Animate Dead
4 Lich
2 Frost Nova
2 Frost Armor
» actions
| Assign group hotkey | 41 | |
| Basic commands | 7 | |
| Build / train | 118 | |
| Enter build submenu | 28 | |
| Enter hero's abilities submenu | 10 | |
| Give item / drop item | 1 | |
| Right click | 952 | |
| Select / deselect | 524 | |
| Select group hotkey | 1402 | |
| Use ability | 80 | |
3163 total
» units
| Acolyte | 13 | |
| Ghoul | 3 | |
| Crypt Fiend | 25 | |
| Obsidian Statue | 3 | |
| Gargoyle | 17 | |
| Frost Wyrm | 3 | |
64 total
» upgrades
| Creature Attack | 3 | |
| Creature Carapace | 3 | |
| Web | 1 | |
| Destroyer Form | 1 | |
| Freezing Breath | 1 | |
9 total
» buildings
| Ziggurat | 12 | |
| Crypt | 2 | |
| Altar of Darkness | 1 | |
| Graveyard | 1 | |
| Tomb of Relics | 1 | |
| Halls of the Dead | 2 | |
| Spirit Tower | 3 | |
| Slaughterhouse | 1 | |
| Necropolis | 2 | |
| Black Citadel | 3 | |
| Nerubian Tower | 1 | |
| Sacrificial Pit | 1 | |
| Boneyard | 1 | |
31 total
» build order
00:05 Ziggurat
00:07 Crypt
00:32 Altar of Darkness
00:57 Graveyard
01:49 Ziggurat
01:59 Tomb of Relics
03:48 Halls of the Dead
03:48 Halls of the Dead
04:28 Ziggurat
05:31 Spirit Tower
05:31 Spirit Tower
05:36 Ziggurat
06:37 Slaughterhouse
07:25 Necropolis
09:18 Black Citadel
09:18 Black Citadel
09:34 Ziggurat
11:10 Ziggurat
11:12 Ziggurat
12:35 Nerubian Tower
15:19 Sacrificial Pit
17:11 Boneyard
19:23 Ziggurat
22:01 Spirit Tower
26:33 Crypt
31:22 Ziggurat
31:23 Ziggurat
31:25 Ziggurat
31:54 Necropolis
32:02 Ziggurat
» items
| Rod of Necromancy | 1 | |
| Scroll of Town Portal | 2 | |
| Potion of Lesser Invulnerability | 1 | |
| Staff of Sanctuary | 2 | |
6 total
MauveAvenger (
yellow | 62 APM | 2707 actions | 43:48)
10 Blood Mage
3 Flame Strike
3 Siphon Mana
1 Summon Phoenix
3 Banish
2 Death Knight
1 Unholy Aura
1 Death Pact
» actions
| Assign group hotkey | 68 | |
| Basic commands | 77 | |
| Build / train | 126 | |
| Enter build submenu | 61 | |
| Enter hero's abilities submenu | 13 | |
| Give item / drop item | 1 | |
| Remove unit from queue | 4 | |
| Right click | 1145 | |
| Select / deselect | 563 | |
| Select group hotkey | 432 | |
| Use ability | 217 | |
2707 total
» units
| Peasant | 16 | |
| Footman | 4 | |
| Sorceress | 4 | |
| Dragonhawk Rider | 3 | |
| Gryphon Rider | 9 | |
| Acolyte | 1 | |
37 total
» upgrades
| Lumber Harvesting | 2 | |
| Masonry | 3 | |
| Sorceress Training | 1 | |
| Magic Sentry | 1 | |
| Swords | 3 | |
| Armor | 3 | |
| Animal War Training | 1 | |
| Storm Hammers | 1 | |
15 total
» buildings
| Farm | 10 | |
| Altar of Kings | 1 | |
| Barracks | 1 | |
| Scout Tower | 42 | |
| Arcane Vault | 1 | |
| Arcane Tower | 3 | |
| Keep | 1 | |
| Lumber Mill | 1 | |
| Town Hall | 4 | |
| Guard Tower | 10 | |
| Arcane Sanctum | 1 | |
| Castle | 1 | |
| Gryphon Aviary | 3 | |
| Blacksmith | 2 | |
81 total
» build order
00:51 Farm
00:55 Altar of Kings
00:57 Barracks
01:06 Farm
01:21 Farm
02:27 Scout Tower
02:40 Arcane Vault
03:07 Arcane Tower
03:49 Keep
03:51 Lumber Mill
04:59 Scout Tower
05:00 Scout Tower
05:03 Town Hall
05:05 Scout Tower
05:12 Scout Tower
06:30 Guard Tower
06:40 Scout Tower
06:41 Scout Tower
06:42 Scout Tower
07:32 Arcane Sanctum
07:35 Guard Tower
07:40 Farm
07:41 Farm
07:45 Scout Tower
07:45 Scout Tower
08:23 Scout Tower
08:23 Scout Tower
08:26 Scout Tower
08:43 Guard Tower
10:05 Guard Tower
10:35 Castle
11:11 Scout Tower
11:11 Scout Tower
11:12 Scout Tower
14:27 Gryphon Aviary
14:28 Gryphon Aviary
14:30 Gryphon Aviary
14:33 Blacksmith
14:35 Blacksmith
15:27 Guard Tower
20:43 Scout Tower
20:43 Scout Tower
20:43 Scout Tower
20:44 Scout Tower
20:45 Scout Tower
20:46 Scout Tower
20:50 Scout Tower
20:51 Scout Tower
20:51 Scout Tower
20:51 Scout Tower
21:40 Guard Tower
21:45 Arcane Tower
23:03 Arcane Tower
25:08 Farm
25:09 Farm
26:01 Town Hall
26:04 Scout Tower
26:04 Scout Tower
26:04 Scout Tower
26:05 Scout Tower
26:06 Scout Tower
26:07 Scout Tower
26:07 Scout Tower
26:08 Scout Tower
26:59 Guard Tower
27:28 Guard Tower
30:11 Town Hall
30:15 Scout Tower
30:15 Scout Tower
30:15 Scout Tower
30:16 Scout Tower
30:17 Scout Tower
30:17 Scout Tower
30:17 Scout Tower
30:18 Scout Tower
30:57 Guard Tower
31:27 Guard Tower
41:33 Town Hall
43:42 Farm
43:42 Farm
43:42 Farm
» items
| Scroll of Regeneration | 5 | |
| Boots of Speed | 1 | |
| Staff of Teleportation | 1 | |
| Potion of Invisibility | 9 | |
| Potion of Lesser Invulnerability | 4 | |
| Potion of Healing | 4 | |
| Scroll of Town Portal | 11 | |
| Lesser Clarity Potion | 3 | |
| Potion of Mana | 3 | |
| Periapt of Vitality | 1 | |
42 total

»
spike7544 (
green | 49 APM | 1826 actions | 36:55)
5 Archmage
1 Summon Water Elemental
1 Brilliance Aura
3 Blizzard
» actions
| Assign group hotkey | 47 | |
| Basic commands | 125 | |
| Build / train | 124 | |
| Enter build submenu | 37 | |
| Enter hero's abilities submenu | 5 | |
| Remove unit from queue | 6 | |
| Right click | 677 | |
| Select / deselect | 537 | |
| Select group hotkey | 194 | |
| Use ability | 74 | |
1826 total
» units
| Peasant | 25 | |
| Footman | 1 | |
| Rifleman | 5 | |
| Mortar Team | 9 | |
| Flying Machine | 33 | |
| Siege Engine | 5 | |
| Knight | 5 | |
83 total
» upgrades
| Long Rifles | 1 | |
| Lumber Harvesting | 1 | |
| Flare | 1 | |
| Fragmentation Shards | 1 | |
| Barrage | 1 | |
| Flying Machine Bombs | 1 | |
| Flak Cannons | 1 | |
| Gunpowder | 3 | |
| Armor | 1 | |
| Plating | 3 | |
| Animal War Training | 1 | |
15 total
» buildings
| Altar of Kings | 2 | |
| Farm | 14 | |
| Barracks | 2 | |
| Lumber Mill | 1 | |
| Arcane Vault | 1 | |
| Blacksmith | 1 | |
| Keep | 1 | |
| Scout Tower | 9 | |
| Guard Tower | 5 | |
| Arcane Tower | 1 | |
| Workshop | 3 | |
| Castle | 1 | |
| Town Hall | 3 | |
44 total
» build order
00:14 Altar of Kings
00:16 Farm
00:44 Barracks
00:56 Lumber Mill
01:09 Farm
02:02 Arcane Vault
02:32 Blacksmith
02:48 Farm
03:06 Keep
03:16 Farm
04:21 Scout Tower
04:23 Scout Tower
04:38 Scout Tower
05:01 Guard Tower
05:07 Arcane Tower
05:21 Scout Tower
05:23 Guard Tower
05:56 Workshop
06:00 Workshop
06:30 Guard Tower
06:33 Farm
06:35 Farm
06:59 Castle
08:08 Town Hall
08:27 Farm
09:13 Farm
10:37 Farm
10:38 Farm
12:28 Town Hall
13:47 Scout Tower
13:48 Scout Tower
14:09 Scout Tower
14:16 Guard Tower
14:18 Scout Tower
14:22 Scout Tower
14:57 Guard Tower
17:46 Farm
17:47 Farm
19:45 Farm
26:15 Barracks
26:24 Workshop
33:10 Town Hall
34:48 Altar of Kings
35:40 Farm
» items
| Scroll of Regeneration | 2 | |
| Orb of Fire | 2 | |
| Potion of Healing | 1 | |
| Scroll of Town Portal | 1 | |
6 total

»
High-Phy (
blue | 27 APM | 991 actions | 37:08)
4 Dreadlord
2 Sleep
2 Vampiric Aura
3 Death Knight
2 Unholy Aura
1 Death Coil
» actions
| Assign group hotkey | 7 | |
| Basic commands | 33 | |
| Build / train | 67 | |
| Enter build submenu | 15 | |
| Enter hero's abilities submenu | 8 | |
| Right click | 515 | |
| Select / deselect | 272 | |
| Select group hotkey | 23 | |
| Use ability | 51 | |
991 total
» units
| Acolyte | 11 | |
| Ghoul | 4 | |
| Crypt Fiend | 9 | |
| Assassin | 2 | |
| Kobold Geomancer | 3 | |
| Forest Troll High Priest | 4 | |
33 total
» upgrades
| Creature Attack | 2 | |
| Creature Carapace | 2 | |
| Unholy Strength | 2 | |
| Web | 1 | |
| Burrow | 1 | |
| Unholy Armor | 1 | |
9 total
» buildings
| Ziggurat | 8 | |
| Altar of Darkness | 1 | |
| Crypt | 1 | |
| Graveyard | 1 | |
| Nerubian Tower | 3 | |
| Tomb of Relics | 1 | |
| Spirit Tower | 5 | |
| Halls of the Dead | 2 | |
| Necropolis | 1 | |
| Black Citadel | 1 | |
24 total
» build order
00:12 Ziggurat
00:18 Altar of Darkness
00:41 Crypt
01:04 Graveyard
01:34 Nerubian Tower
02:44 Tomb of Relics
04:29 Ziggurat
05:20 Ziggurat
10:03 Nerubian Tower
10:23 Spirit Tower
11:32 Ziggurat
11:38 Ziggurat
12:27 Halls of the Dead
12:33 Spirit Tower
12:49 Spirit Tower
15:40 Ziggurat
16:25 Necropolis
16:38 Spirit Tower
18:50 Halls of the Dead
19:06 Ziggurat
21:43 Spirit Tower
21:51 Ziggurat
25:14 Black Citadel
25:54 Nerubian Tower
» items
| Dust of Appearance | 2 | |
| Potion of Healing | 1 | |
| Scroll of Town Portal | 1 | |
| Rod of Necromancy | 1 | |
5 total
Chat log
(00:16 / All) MauveAvenger: Sooner give a cobra a kiss than a secret to a woman
(01:36 / Allies) spike7544: morta, gunners
(01:52 / Allies) MauveAvenger: Are you bringing the big guns, brother?
(02:14 / Allies) comon.man: fiends dk stats lich destroyers
(03:58 / Allies) comon.man: grab dust blue
(04:48 / All) ReisHK: I HATGE JEWS
(04:50 / All) ReisHK: FUCK THEM
(04:52 / All) ReisHK: IN THE ASS
(04:54 / All) ReisHK: RAPE THEM MORTHERS
(04:57 / All) ReisHK: IN FRONT OF THEM
(05:11 / All) ReisHK: THEN SHOT THEM BETWEEN THE EYES
(05:18 / All) ReisHK: TEASE THEM FOR 5 MINUTES
(05:22 / All) ReisHK: BEFORE U PULL THE TRIGGER
(05:56 / Allies) comon.man: green help blue
(08:11 / Allies) MauveAvenger: good lookin out bruh
(08:45 / All) ReisHK: THERE ARE JESWS ON MY TEAM
(08:47 / Allies) comon.man: ty
(08:50 / All) ReisHK: I EXPECT TO BE TKED ANY SECOND NOW
(09:55 / All) MauveAvenger: Aw
(10:53 / Allies) MauveAvenger: lumber?
(11:54 / Allies) spike7544: who got aa?
(12:43 / Allies) comon.man: want me to go gargs?
(13:12 / All) MauveAvenger: see ya
(13:13 / Allies) High-Phy: i want you to win this fucking game .. go pimp slap the cunts
(13:39 / All) binboy: say cya to blue
(15:35 / All) ReisHK: GO SUCK DRAGON DICK
(16:50 / All) MauveAvenger: Where's your economy orange?
(17:03 / All) ReisHK: IN UR MOTHER SPUSSYH
(17:13 / All) ReisHK: SGHE A GOOD WHORE
(18:06 / All) 1_eye_jack: afking just kill them
(18:15 / All) MauveAvenger: Don't mind if I do
(18:25 / Allies) comon.man: stay green i'm coming
(18:34 / All) 1_eye_jack: ur a fucken retard man
(18:39 / All) 1_eye_jack: just go kill urself red
(18:46 / All) 1_eye_jack: u and ur shit talking bull shit
(19:15 / Allies) comon.man: my bad green
(19:24 / Allies) spike7544: all good
(19:28 / All) 1_eye_jack: well this wasnt fun at all bunch of defence retards that dont even cc
(19:34 / All) 1_eye_jack: they all have 20 food
(19:38 / All) ReisHK: cc is for noobs
(19:48 / All) 1_eye_jack: cc wins the game faggot
(19:49 / All) ReisHK: oh i thoguht u mean communityh creep
(19:53 / All) ReisHK: whatever
(19:59 / All) ReisHK: i du nno ewhawt cc is
(20:14 / All) 1_eye_jack: its fucken creep and counter
(20:25 / Allies) comon.man: yellow go grpyhs
(20:28 / All) 1_eye_jack: god shows how much of a newb u are
(23:21 / Allies) comon.man: tp green
(25:31 / Allies) spike7544: pink rebuild
(25:35 / Allies) comon.man: i am
(26:25 / Allies) comon.man: yellow toss guapo over here
(27:45 / Allies) comon.man: blue is the worst.
(27:59 / Allies) MauveAvenger: lumber me
(28:22 / All) MauveAvenger: HALT CRIMINAL
(28:30 / Allies) spike7544: tp blue?
(28:40 / Allies) MauveAvenger: y
(30:36 / Allies) spike7544: yellow?
(30:38 / Allies) spike7544: tp?
(30:41 / Allies) spike7544: be a team player?
(30:44 / Allies) MauveAvenger: you guys got it covered
(31:17 / Allies) spike7544: save me now
(31:20 / Allies) spike7544: i don't have a peon
(32:34 / Allies) MauveAvenger: all blue did all game was feed them higher levels
(32:44 / Allies) High-Phy: ok pro
(32:51 / Allies) High-Phy: you were the real shit
(32:54 / Allies) comon.man: yellow why don't you build grpyhs?
(32:56 / Allies) comon.man: gryphs*
(33:02 / Allies) High-Phy: yea .. shit talking noob fuck
(33:12 / Allies) comon.man: you aren't even close to full food.
(33:13 / Allies) MauveAvenger: I'm the noob? lol
(33:22 / Allies) comon.man: blue.. you're garbage
(33:28 / Allies) High-Phy: ok pro
(33:34 / Allies) High-Phy: you are just so good
(34:24 / All) MauveAvenger: ah shit!
(34:38 / All) 1_eye_jack: the power of heros
(35:08 / All) MauveAvenger: I blame blue for the feeding
(35:30 / Allies) MauveAvenger: wood
(35:54 / Allies) MauveAvenger: do you have your hero pink
(36:20 / All) 1_eye_jack: rofl\
(36:24 / All) 1_eye_jack: smart yeller
(36:55 / All) 1_eye_jack: GG
(36:59 / All) 1_eye_jack: was fun watching
(37:01 / All) 1_eye_jack: <_<
(37:57 / All) 1_eye_jack: well u are one so u must not listen to urself much
(39:22 / All) ReisHK: JESUS WAS AN ASLIEN
(39:37 / All) ReisHK: THEY SAID SO ON TV
(39:37 / All) 1_eye_jack: dont u mean alian
(39:45 / All) ReisHK: HISTYEORY CHNEL
(39:50 / All) ReisHK: HISTORY CHANGELL DOESNT LIE
(40:02 / All) 1_eye_jack: history chan is full of shit
(40:08 / All) ReisHK: NO
(40:10 / All) ReisHK: ITS HISTORY
(40:11 / All) ReisHK: DUMBASS
(40:12 / All) ReisHK: FCUK U
(40:19 / All) 1_eye_jack: not all history is the turth
(40:31 / All) ReisHK: IR A LIE TOO
(40:33 / All) ReisHK: UR
(40:35 / All) ReisHK: U DONT EXIST
(40:36 / All) ReisHK: BITCH
(40:46 / All) ReisHK: UR DEAD